 Dungeon Crawl Stone Soup version 0.23.2-40-g277498a001 (webtiles) character file.

Game seed: 7788817140054775681

2 MalarOregon the Caller (level 1, 0/13 HPs)
             Began as a Merfolk Summoner on Aug 26, 2019.
             Hit by a stone thrown by a goblin (2 damage)
             ... on level 1 of the Dungeon.
             The game lasted 00:00:28 (258 turns).

MalarOregon the Caller (Merfolk Summoner)            Turns: 258, Time: 00:00:28

Health: 0/13       AC:  2    Str:  8    XL:     1   Next: 40%
Magic:  0/3        EV: 13    Int: 14    God:
Gold:   0          SH:  0    Dex: 14    Spells: 3/4 levels left

rFire    . . .     SeeInvis .   (no weapon)
rCold    . . .     Gourm    .   (no shield)
rNeg     . . .     Faith    .   a - +0 robe
rPois    .         Spirit   .   (no helmet)
rElec    .         Reflect  .   (no cloak)
rCorr    .         Harm     .   (no gloves)
MR       .....                  (no boots)
Stlth    ++........             (no amulet)
HPRegen  0.04/turn              (no ring)
MPRegen  0.08/turn              (no ring)

@: very slightly contaminated
A: change form in water, swift swim, stealthy swim
a: no special abilities


You were on level 1 of the Dungeon.
You were not hungry.

You visited 1 branch of the dungeon, and saw 1 of its levels.

Inventory:

Armour
 a - a +0 robe (worn)
Comestibles
 e - a ration {!d}


   Skills:
 + Level 2.8 Dodging
 + Level 2.3 Stealth
 + Level 2.0 Spellcasting
 + Level 4.0 Summonings


You had 3 spell levels left.
You knew the following spells:

 Your Spells              Type           Power        Failure   Level  Hunger
a - Summon Small Mammal   Summ           ##..         4%          1    ##.....

Your spell library contained the following spells:

 Spells                   Type           Power        Failure   Level  Hunger
 Call Imp                 Summ           ##......     7%          2    ###....
 Call Canine Familiar     Summ           ##......     14%         3    ####...
 Summon Guardian Golem    Hex/Summ       #.......     30%         3    ####...
 Summon Ice Beast         Ice/Summ       #.......     71%         4    #####..
 Summon Lightning Spire   Summ/Air       #.......     71%         4    #####..


Dungeon Overview and Level Annotations

Branches:
Dungeon (1/15)

Altars:


Message History

The hobgoblin dies!
You start resting.
Your bat disappears in a puff of smoke!
You start resting.
Your bat disappears in a puff of smoke!
You see here a +0 club.
A rat comes into view.
A rat is nearby!
A rat is nearby!
You closely miss the rat. The rat bites you.
You hit the rat. The rat closely misses you.
You closely miss the rat. The rat bites you.
You hit the rat.
You kill the rat!
No target in view!
No target in view!
You start resting.
A goblin comes into view. It is wielding a +0 dagger.
A goblin is nearby!
The goblin throws a stone.
The stone barely misses you.
You see here a stone.
The goblin throws a stone.
The stone closely misses you. The goblin hits you with a +0 dagger.
You closely miss the goblin. The goblin hits you but does no damage.
You barely miss the goblin. The goblin hits you with a +0 dagger.
* * * LOW HITPOINT WARNING * * *
The goblin throws a stone.
The stone closely misses your rat. The stone hits you.
* * * LOW HITPOINT WARNING * * *
Your rat barely misses the goblin.
You see here a stone.
You miscast Summon Small Mammal.
You are very lightly contaminated with residual magic.
The world appears momentarily distorted.
The goblin throws a stone.
The stone hits your rat.
Your rat bites the goblin.
The goblin hits your rat but does no damage.
Your rat barely misses the goblin.
You miscast Summon Small Mammal.
The world appears momentarily distorted.
The goblin hits your rat with a +0 dagger.
Your rat dies!
Your rat's corpse disappears in a puff of smoke!
Your bat closely misses the goblin.
The goblin throws a stone.
The stone hits your bat.
Your bat closely misses the goblin.
The goblin throws a stone.
The stone hits your bat.
Your bat dies!
Your bat's corpse disappears in a puff of smoke!
The goblin throws a stone.
The stone hits you.
You die...

...... .# ....#.# .##
.......#..#
.....#g.#.#####
#...###ยง......#
.....#..(.###.#
.###...#..###.######
#####((.##......########
#.#@##.####...).....
#.#.##.# #.).......
#......# #.........
###.#### ########## #.#
..# ####


You could see a goblin.

Vanquished Creatures
  A hobgoblin (D:1)
  A rat (D:1)
2 creatures vanquished.

Vanquished Creatures (collateral kills)
  A hobgoblin (D:1)
1 creature vanquished.

Grand Total: 3 creatures vanquished

Notes
Turn   | Place    | Note
-------+----------+-------------------------------------------
     0 | D:1      | MalarOregon the Merfolk Summoner began the quest for the
                  | Orb.
     0 | D:1      | Reached XP level 1. HP: 13/13 MP: 3/3
   258 | D:1      | Hit by a stone thrown by a goblin

Action                   || total
-------------------------++-------
Melee: Unarmed           ||    24
 Cast: Summon Small Mamm ||     6
Armor: Robe              ||     2
Dodge: Dodged            ||    14
